 Dungeon Crawl Stone Soup version 0.32-a0-128-g77eb882913 (webtiles) character file.

Game seed: 10445152912862767702

121 zeratav the Trooper (level 5, 0/38 HPs)
             Began as an Octopode Shapeshifter on Feb 8, 2024.
             Frozen to death by an endoplasm (5 damage)
             ... on level 3 of the Dungeon.
             The game lasted 00:02:38 (1989 turns).

zeratav the Trooper (Octopode Shapeshifter)         Turns: 1989, Time: 00:02:38

Health: 0/38       AC:  1    Str: 16    XL:     5   Next: 5%
Magic:  5/5        EV: 13    Int: 12    God:
Gold:   100        SH:  0    Dex: 11    Spells: 4/4 levels left

rFire   . . .        j - +4 whip {mace}
rCold   . . .        (no shield)
rNeg    . . .        (helmet currently unavailable)
rPois   .            (no amulet)
rElec   .            (no ring)
rCorr   .            (no ring)
SInv    .            (no ring)
Will    .....        (no ring)
Stlth   ++           (no ring)
HPRegen 0.26/turn    (no ring)
MPRegen 0.09/turn    (no ring)
                     (no ring)

%: no passive effects
@: beast-form
A: beast (slay +1), almost no armour, amphibious, 8 rings, camouflage 1,
gelatinous body 1, (nimble swimmer 1), tentacles
a: Begin Untransformation


You were on level 3 of the Dungeon.
You were a hulking beast.
You visited 1 branch of the dungeon, and saw 3 of its levels.

You collected 100 gold pieces.


Innate Abilities, Weirdness & Mutations

You are a hulking beast.
Your limbs bulge with bestial killing power. (Slay +1)
You cannot wear most types of armour.
You are amphibious.
You can wear up to eight rings at the same time.
Your skin changes colour to match your surroundings (Stealth+).
Your rubbery body absorbs attacks. (AC +1, EV +1)
((You are camouflaged when in or above water. (Stealth+)))
You have tentacles for arms and can constrict up to eight enemies at once.


   Skills:
 + Level 4.7 Fighting
 - Level 2.0 Dodging
 - Level 3.0 Unarmed Combat
 - Level 3.0 Shapeshifting


You had 4 spell levels left.
You didn't know any spells.
Your spell library contained the following spells:

 Spells                   Type           Power      Damage    Failure   Level
 Shock                    Conj/Air       0%         1d3       32%         1
 Swiftness                Air            0%         N/A       69%         3
 Airstrike                Air            0%         2d(0-16)  97%         4

Inventory:

Hand Weapons
 j - a +4 whip (weapon) {mace}
   (You found it on level 1 of the Dungeon)
Jewellery
 d - a ring of ice
   (You found it on level 1 of the Dungeon)
Talismans
 b - a beast talisman
 c - a flux talisman
Scrolls
 e - 2 scrolls of identify {unknown}
 f - a scroll of revelation {unknown}
 k - a scroll of torment {unknown}
 l - a scroll of poison {unknown}
 m - a scroll of enchant weapon {unknown}
 n - a scroll of blinking {unknown}
 o - a scroll of noise {unknown}
Potions
 a - a potion of lignification {!q}
 g - a potion of mutation {unknown}
 h - a potion of berserk rage {unknown}
 i - a potion of heal wounds {unknown}
 p - 2 potions of invisibility {unknown}

Dungeon Overview and Level Annotations

Branches:
Dungeon (3/15) Zot: 16004

Altars:
Ru

Shops:
D:1

[
#.......#.?$.
#.#
#...###.#)!..
#.# ....##
### [.?##.#
..... #†#.##
...... #).##
##.... ##.#
#.# #J# ##h#
#..#
........##
#.....###
######


You could see an endoplasm.


Message History

You hit the endoplasm. Your squeeze misses the endoplasm.
The endoplasm closely misses you.
You whack the endoplasm!
You kill the endoplasm!
The giant cockroach waves its antennae.
You hit the orc. You grab the orc. You constrict the orc.
The orc struggles to escape constriction.
The orc barely misses you.
You barely miss the orc. You constrict the orc.
The orc escapes!
The orc hits you from afar with a +0 trident.
HP[-1]
You take 1 damage, and now have 33/34 hp.
You completely miss the orc. Your grab misses the orc.
The orc hits you with a +0 dagger. The white imp hits you.
The white imp freezes you. The orc barely misses you.
HP[-6]
You take 6 damage, and now have 27/34 hp.
You barely miss the orc. Your grab misses the orc. You squeeze the orc.
You kill the orc!
The orc closely misses you. The white imp hits you. The white imp freezes you.
The orc misses you. The white imp barely misses you.
You hit the white imp but do no damage. Your grab misses the white imp.
You squeeze the white imp. The orc barely misses you. The white imp hits you.
The white imp freezes you.
* * * LOW HITPOINT WARNING * * *
HP[-10]
You take 10 damage, and now have 17/34 hp.
MASSIVE DAMAGE!! (PAUSE)
You are too injured to fight recklessly!
You are too injured to fight recklessly!
You are too injured to fight recklessly!
You are too injured to fight recklessly!
You are too injured to fight recklessly!
You are too injured to fight recklessly!
You are too injured to fight recklessly!
You are too injured to fight recklessly!
You are too injured to fight recklessly!
You are too injured to fight recklessly!
You are too injured to fight recklessly!
You are too injured to fight recklessly!
You are too injured to fight recklessly!
You are too injured to fight recklessly!
You are too injured to fight recklessly!
You are too injured to fight recklessly!
You are too injured to fight recklessly!
You are too injured to fight recklessly!
You are too injured to fight recklessly!
You are too injured to fight recklessly!
You hit the white imp. Your grab misses the white imp.
The white imp misses you. The orc barely misses you.
You barely miss the white imp. You grab the white imp.
You constrict the white imp, but do no damage.
The orc closely misses you. The white imp completely misses you.
You hit the white imp. You constrict the white imp. The orc barely misses you.
The white imp gestures at you. The puff of frost hits you!
* * * LOW HITPOINT WARNING * * *
HP[-7]
You take 7 damage, and now have 10/34 hp.
MASSIVE DAMAGE!! (PAUSE)
You hit the white imp.
You kill the white imp!
The orc completely misses you.
You have reached level 5!
You feel stronger.
HP[+1] MP[+1]
You now have 38 max hp (+4).
Your mp is fully restored (5).
You completely miss the quokka. You grab the quokka. You constrict the quokka.
The quokka bites you.
* * * LOW HITPOINT WARNING * * *
The orc hits you from afar with a +0 trident.
* * * LOW HITPOINT WARNING * * *
HP[-2]
You take 2 damage, and now have 9/38 hp.
You whack the quokka!
You kill the quokka!
The orc barely misses you.
HP[+1]
There are monsters nearby!
The giant cockroach misses you.
HP[+1]
The giant cockroach attacks as it pursues you!
The giant cockroach bites you.
* * * LOW HITPOINT WARNING * * *
HP[-1]
You take 1 damage, and now have 10/38 hp.
You barely miss the giant cockroach. Your grab misses the giant cockroach.
You squeeze the giant cockroach.
You kill the giant cockroach!
The orc closely misses you. The orc hits you with a +0 trident.
* * * LOW HITPOINT WARNING * * *
HP[-5]
You take 5 damage, and now have 5/38 hp.
You hit the orc. Your grab misses the orc. You tentacle-slap the orc.
You kill the orc!
You hit the endoplasm. The endoplasm freezes you.
You are frozen.
You die...

Skill      XL: |  1  2  3  4 |
---------------+-------------+-----
Fighting       | 2 3 4 |  4.7
Dodging        | |  2.0
Unarmed Combat | |  3.0
Shapeshifting  | |  3.0

Action                     |  1- 3 |  4- 6 || total
---------------------------+-------+-------++-------
  Melee: Unarmed           |    52 |       ||    52
         Constrict         |    25 |    12 ||    37
         Tentacles         |    12 |     8 ||    20
         Whip              |    25 |    61 ||    86
         Punch             |       |     3 ||     3
   Stab: Sleeping          |     5 |     5 ||    10
 Armour: Skin              |    34 |    20 ||    54
  Dodge: Dodged            |    45 |    47 ||    92

Levels and vault maps discovered:
D:1:      lemuel_arrival_behind_the_door_large, layout_basic, serial_shops,
          nicolae_shop_temple_entry_statues_fountains, minmay_ruptured
D:2:      layout_rooms, basic_altar, minmay_misc_feat_hallway
D:3:      layout_basic, minmay_joined_circles, uniq_jessica

Notes
Turn   | Place    | Note
-------+----------+-------------------------------------------
     0 | D:1      | zeratav the Octopode Shapeshifter began the quest for the
                  | Orb.
     0 | D:1      | Reached XP level 1. HP: 13/13 MP: 1/1
     0 | D:1      | magus.rc [v1.9.6]
    75 | D:1      | Reached skill level 2 in Fighting
    75 | D:1      | Reached XP level 2. HP: 19/19 MP: 2/2
   268 | D:1      | Reached XP level 3. HP: 16/25 MP: 3/3
   334 | D:1      | Reached skill level 3 in Fighting
   763 | D:1      | Found Nuvealyli's Antique Armour Shop.
  1162 | D:2      | Reached XP level 4. HP: 33/33 MP: 4/4
  1221 | D:2      | Reached skill level 4 in Fighting
  1260 | D:2      | Found a sacrificial altar of Ru.
  1945 | D:3      | You pick up a book of Air and begin reading...
  1945 | D:3      | You add the spells Shock, Swiftness and Airstrike to your
                  | library.
  1979 | D:3      | Reached XP level 5. HP: 11/38 MP: 5/5
  1979 | D:3      | HP: 9/38 [orc/+0 trident (1)]
  1987 | D:3      | HP: 5/38 [orc/+0 trident (6)]
  1989 | D:3      | Frozen to death by an endoplasm

Vanquished Creatures
  2 adders (D:2)
  A white imp (D:3)
  A ribbon worm (D:3)
  A dart slug (D:1)
  2 orcs (D:3)
  8 ball pythons
  9 endoplasms
  7 giant cockroaches
  6 goblins
  10 hobgoblins
  8 jackals
  4 quokkas
  5 bats
  3 frilled lizards
  7 kobolds
  3 rats
77 creatures vanquished.

Table legend:
 A = Non-vault XP
 B = Vault XP
 C = Vault XP percentage of total XP
 D = Non-vault monster count
 E = Vault monster count
 F = Vault count percentage of total count
                 A         B        C        D         E       F
            +---------+---------+-------+---------+---------+-------
      Total |     141 |      33 |  19.0 |      65 |      12 |  15.6
            +---------+---------+-------+---------+---------+-------
        D:1 |      55 |       7 |  11.3 |      32 |       4 |  11.1
        D:2 |      60 |       0 |   0.0 |      20 |       0 |   0.0
        D:3 |      26 |      26 |  50.0 |      13 |       8 |  38.1
            +---------+---------+-------+---------+---------+-------

Skill      XL: |  1  2  3  4 |
---------------+-------------+-----
Fighting       | 2 3 4 |  4.7
Dodging        | |  2.0
Unarmed Combat | |  3.0
Shapeshifting  | |  3.0

Action                     |  1- 3 |  4- 6 || total
---------------------------+-------+-------++-------
  Melee: Unarmed           |    52 |       ||    52
         Constrict         |    25 |    12 ||    37
         Tentacles         |    12 |     8 ||    20
         Whip              |    25 |    61 ||    86
         Punch             |       |     3 ||     3
   Stab: Sleeping          |     5 |     5 ||    10
 Armour: Skin              |    34 |    20 ||    54
  Dodge: Dodged            |    45 |    47 ||    92

Illustrated notes

Table legend:
 A = Kills in this place as a percentage of kills in the entire game.
 B = Kills by you in this place as a percentage of kills by you in the entire game.
 C = Kills by friends in this place as a percentage of kills by friends in the entire game.
 D = Other kills in this place as a percentage of other kills in the entire game.
 E = Experience gained in this place as a percentage of experience gained in the entire game.
 F = Experience gained in this place divided by the number of levels of this place that you have seen.
                   A       B       C       D       E      F
               +-------+-------+-------+-------+-------+----------------------
         Total | 100.0 | 100.0 |   N/A |   N/A | 100.0 |  58.0
       Dungeon | 100.0 | 100.0 |   N/A |   N/A | 100.0 |  58.0
               +-------+-------+-------+-------+-------+----------------------

Table legend: (Time is in decaauts)
 A = Elapsed time spent in this place.
 B = Non-inter-level travel time spent in this place.
 C = Inter-level travel time spent in this place.
 D = Time resting spent in this place.
 E = Time spent auto-exploring this place.
 F = Levels seen in this place.
 G = Mean time per level.
                   A        B        C        D        E       F      G
               +--------+--------+--------+--------+--------+-----+--------+
         Total |   1994 |   1901 |     93 |     11 |   1512 |   3 |  664.7 |
       Dungeon |   1994 |   1901 |     93 |     11 |   1512 |   3 |  664.7 |
               +--------+--------+--------+--------+--------+-----+--------+

Top non-repeatable levels by time:
     D:1: 1076 daAuts
     D:2: 512 daAuts
     D:3: 405 daAuts
